 Dungeon Crawl Stone Soup version 0.28.0-43-g3370ac3207 (webtiles) character file.

Game seed: 15332989886936823984

11803 Kaptain the Geomancer (level 11, -3/80 HPs)
             Began as an Octopode Earth Elementalist on Mar 6, 2022.
             Slain by a blink frog (15 damage)
             ... on level 2 of the Lair of Beasts.
             The game lasted 00:31:24 (13829 turns).

Kaptain the Geomancer (OpEE)                       Turns: 13829, Time: 00:31:26

Health: -3/80      AC:  4    Str: 13    XL:     11   Next: 83%
Magic:  1/23       EV: 14    Int: 23    God:
Gold:   311        SH:  0    Dex: 12    Spells: 23/27 levels left

rFire   . . .      SeeInvis .   E - +2 flail (protect)
rCold   . . .      Faith    .   (no shield)
rNeg    . . .      Spirit   .   (helmet restricted)
rPois   .          Reflect  .   D - amulet of the acrobat
rElec   .          Harm     .   z - +6 ring of strength
rCorr   .          Rampage  .   C - +3 ring of protection
Will    .....                   (no ring)
Stlth   ++++......              (no ring)
HPRegen 0.23/turn               (no ring)
MPRegen 0.18/turn               (no ring)
                                (no ring)
                                (no ring)

@: no status effects
A: almost no armour, amphibious, 8 rings, camouflage 1, gelatinous body 1,
(nimble swimmer 1), tentacles
a: no special abilities


You were on level 2 of the Lair of Beasts.
You visited 2 branches of the dungeon, and saw 10 of its levels.
You also visited: Sewer.

You collected 521 gold pieces.
You spent 210 gold pieces at shops.

Inventory:

Hand Weapons
 n - a +0 hunting sling
 E - a +2 flail of protection (weapon)
 H - the +9 short sword "Hiteff" {drain, rN+ Int+3}
   (You found it on level 8 of the Dungeon)

   A truly terrible weapon, it drains the life of any living foe it strikes.
   Int:       It affects your intelligence (+3).
   rN:        It protects you from negative energy.
 I - the +0 flail of the Furious {flame, rElec SInv}
   (You found it on level 1 of the Lair of Beasts)

   It burns those it strikes, dealing additional fire damage.
   rElec:     It insulates you from electricity.
   SInv:      It lets you see invisible.
Missiles
 b - 198 stones
 d - 5 datura-tipped darts
 g - 3 silver javelins (quivered)
 o - 5 poisoned darts
 p - 22 sling bullets
 G - 5 boomerangs
Jewellery
 u - a ring of protection from cold
 z - a +6 ring of strength (left tentacle)
 C - a +3 ring of protection (right tentacle)
 D - an amulet of the acrobat (around mantle)
Wands
 h - a wand of polymorph (18)
 y - a wand of flame (17)
 F - a wand of iceblast (8)
 J - a wand of acid (5)
Scrolls
 a - 7 scrolls of teleportation
 c - 2 scrolls of immolation {unknown}
 f - 2 scrolls of vulnerability
 j - 3 scrolls of noise {unknown}
 k - 2 scrolls of magic mapping
 q - 2 scrolls of fog {unknown}
 r - a scroll of amnesia {unknown}
 w - a scroll of blinking {unknown}
 x - a scroll of acquirement {unknown}
Potions
 i - a potion of lignification
 l - a potion of ambrosia
 m - a potion of cancellation
 s - 3 potions of haste
 t - 2 potions of curing
 v - 3 potions of mutation
 A - 2 potions of berserk rage
 B - a potion of brilliance


   Skills:
 * Level 9.1 Fighting
 + Level 5.2 Dodging
 + Level 7.5 Stealth
 * Level 8.6 Spellcasting
 * Level 9.1 Conjurations
 - Level 1.0 Transmutations
 * Level 9.7 Earth Magic


You had 23 spell levels left.
You knew the following spells:

 Your Spells              Type           Power      Damage    Failure   Level
a - Sandblast             Erth           100%       2d20      1%          1
b - Stone Arrow           Conj/Erth      100%       3d13      1%          3

Your spell library contained the following spells:

 Spells                   Type           Power      Damage    Failure   Level
 Passwall                 Tmut/Erth      28%        N/A       1%          2
 Animate Skeleton         Necr           18%        N/A       6%          1
 Apportation              Tloc           18%        N/A       6%          1
 Pain                     Necr           36%        1d5       6%          1
 Slow                     Hex            36%        N/A       6%          1
 Petrify                  Tmut/Erth      34%        N/A       7%          4
 Blink                    Tloc           18%        N/A       10%         2
 Hailstorm                Conj/Ice       31%        3d8       10%         4
 Confusing Touch          Hex            9%         N/A       19%         3
 Tukima's Dance           Hex            9%         N/A       19%         3
 Vampiric Draining        Necr           9%         2d6       19%         3
 Ice Form                 Ice/Tmut       12%        N/A       45%         4
 Anguish                  Hex/Necr       4%         N/A       54%         4
 Alistair's Intoxication  Tmut/Pois      8%         N/A       82%         5
 Manifold Assault         Tloc           9%         N/A       87%         5
 Summon Forest            Summ/Tloc      4%         N/A       87%         5
 Summon Mana Viper        Hex/Summ       9%         N/A       87%         5
 Simulacrum               Ice/Necr       4%         N/A       100%        6
 Summon Cactus Giant      Summ           4%         N/A       100%        6
 Enfeeble                 Hex            4%         N/A       100%        7
 Storm Form               Tmut/Air       6%         N/A       100%        7


Dungeon Overview and Level Annotations

Branches:
Dungeon (8/15)             Temple (0/1) D:7            Lair (2/6) D:8
 Shoals (0/4) Lair:2        Sewer (visited)
  Snake: Lair:2-4    Spider: Lair:2-4

Altars:
Sif Muna

Shops:
D:1 =!

Portals:
Abyss: D:5

Annotations:
D:5 2 transporters, fly's ghost, weakling FoDe


Innate Abilities, Weirdness & Mutations

You cannot wear most types of armour.
You are amphibious.
You can wear up to eight rings at the same time.
Your skin changes colour to match your surroundings (Stealth+).
Your rubbery body absorbs attacks. (AC +1, EV +1)
((You are camouflaged when in or above water. (Stealth+)))
You have tentacles for arms and can constrict up to eight enemies at once.


Message History

Press: ? - help, Shift-Dir - straight line, f/p - blink frog
Aim: a blink frog (61% to hit)
The stone arrow hits the blink frog!
The blink frog is moderately wounded.
The blink frog hits you.
* * * LOW HITPOINT WARNING * * *
The blink frog barely misses you. The blink frog closely misses you.
The blink frog hits you but does no damage.
Casting: Stone Arrow (safe; 1% risk of failure)
Confirm with . or Enter, or press ? or * to list all spells.
Aiming: Stone Arrow (safe; 1% risk of failure)
Press: ? - help, Shift-Dir - straight line, f/p - blink frog
Aim: a blink frog (moderately wounded, 61% to hit)
The stone arrow hits the blink frog!!
The blink frog is almost dead.
The blink frog hits you.
* * * LOW HITPOINT WARNING * * *
The blink frog barely misses you. The blink frog hits you.
* * * LOW HITPOINT WARNING * * *
The blink frog blinks!
The blink frog closely misses you.
The blink frog hits you but does no damage.
The blink frog blinks!
Casting: Stone Arrow (safe; 1% risk of failure)
Confirm with . or Enter, or press ? or * to list all spells.
Aiming: Stone Arrow (safe; 1% risk of failure)
Press: ? - help, Shift-Dir - straight line, f/p - blink frog
Aim: a blink frog (almost dead, 61% to hit)
The stone arrow hits the blink frog!!
You kill the blink frog!
The blink frog hits you.
* * * LOW HITPOINT WARNING * * *
Casting: Stone Arrow (safe; 1% risk of failure)
Confirm with . or Enter, or press ? or * to list all spells.
Aiming: Stone Arrow (safe; 1% risk of failure)
Press: ? - help, Shift-Dir - straight line, f - blink frog
Aim: a blink frog (61% to hit)
The stone arrow misses the blink frog.
The stone arrow hits the blink frog!
You kill the blink frog!
The blink frog blinks!
The blink frog hits you!
You die...

#........#####...###....###
####......####...##.....#
##....P..#.##...#.....# #
#.#........###.......## #
##..........#........# ##
##....((..<.##.....## P#
#...........###...§P##
####...........†###.....#####
.#.##..........§@##.....#.#P####.
###.............F.............§..
#...)............†.#.###P####F..
#....#............#### ### #
##...##.........F##
##...###.#.§.......#
.....######.......## ......#
###....## ......# #....#


You could see 2 blink frogs.

Vanquished Creatures
  A hydra (Lair:2)
  Pikel (D:8)
  3 black mambas
  Maggie (Lair:1)
  2 cane toads (Lair:1)
  A rime drake (Lair:1)
  2 komodo dragons (Lair:1)
  3 blink frogs (Lair:2)
  A polar bear (Lair:1)
  13 yaks
  Grum (Lair:1)
  A basilisk (Lair:1)
  5 water moccasins
  3 orc warriors
  A hornet zombie (D:7)
  A black bear (Lair:2)
  2 ogres
  3 wolves (Lair:1)
  5 centaurs
  A lemure (D:8)
  A phantom (D:6)
  9 bullfrogs
  A scorpion (D:4)
  6 killer bees
  5 howler monkeys
  2 electric eels
  2 centaur zombies
  5 jellies
  2 centaur skeletons (D:7)
  2 hounds
  3 orc priests
  A bullfrog skeleton (D:5)
  3 iguanas
  6 orc wizards
  A killer bee zombie (D:7)
  4 gnolls (D:4)
  10 adders
  7 river rats (Sewer)
  A white imp (D:6)
  A dart slug (D:1)
  20 orcs
  7 endoplasms
  4 giant cockroaches
  10 goblins
  13 hobgoblins
  2 jackals (D:4)
  6 kobolds
  3 quokkas
  14 ball pythons
  7 bats
  5 frilled lizards
  27 rats
241 creatures vanquished.

Vanquished Creatures (collateral kills)
  An adder (D:2)
1 creature vanquished.

Vanquished Creatures (others)
  A white imp (D:7)
  9 fungi
  37 plants
47 creatures vanquished.

Grand Total: 289 creatures vanquished

Notes
Turn   | Place    | Note
-------+----------+-------------------------------------------
     0 | D:1      | Kaptain the Octopode Earth Elementalist began the quest for
                  | the Orb.
     0 | D:1      | Reached XP level 1. HP: 11/11 MP: 3/3
    17 | D:1      | Found Fisichu's Distillery.
    36 | D:1      | Found Syosim's One-of-a-Kind Rings.
    75 | D:1      | Found a faded altar of an unknown god.
   445 | D:1      | Reached XP level 2. HP: 18/18 MP: 5/5
   848 | D:1      | Reached skill level 1 in Fighting
   888 | D:1      | Reached XP level 3. HP: 23/23 MP: 6/6
   892 | D:1      | Learned a level 3 spell: Stone Arrow
   924 | D:1      | Reached skill level 1 in Conjurations
  1578 | D:2      | Reached XP level 4. HP: 18/28 MP: 7/7
  2891 | D:3      | Reached XP level 5. HP: 19/34 MP: 0/9
  3534 | D:4      | Reached XP level 6. HP: 34/40 MP: 3/10
  3536 | D:4      | Found a glowing drain.
  3552 | Sewer    | Entered a sewer
  4576 | Sewer    | Reached XP level 7. HP: 40/45 MP: 8/11
  5260 | D:4      | Found a shimmering blue altar of Sif Muna.
  5369 | D:4      | Got Sif Muna's Collected Works on Stolen Souls
  5533 | D:5      | Entered Level 5 of the Dungeon
  5872 | D:5      | Found a transporter.
  5872 | D:5      | Found a one-way gate to the infinite horrors of the Abyss.
  5872 | D:5      | Noticed fly's ghost (weakling FoDe)
  6058 | D:5      | Found a transporter.
  6119 | D:5      | Reached XP level 8. HP: 52/52 MP: 8/13
  6399 | D:5      | Reached skill level 5 in Earth Magic
  6517 | D:5      | Reached skill level 5 in Stealth
  6813 | D:1      | Bought a +3 ring of protection for 210 gold pieces
  8139 | D:7      | Reached XP level 9. HP: 64/64 MP: 15/19
  8623 | D:7      | Found a staircase to the Ecumenical Temple.
  8639 | D:7      | Reached XP level 10. HP: 33/71 MP: 13/20
  9650 | D:8      | Found a staircase to the Lair.
  9659 | D:8      | Noticed Pikel
  9663 | D:8      | Killed Pikel
 10165 | D:8      | Identified the +9 short sword "Hiteff" {drain, rN+ Int+3}
 10192 | Lair:1   | Entered Level 1 of the Lair of Beasts
 10358 | Lair:1   | Noticed Maggie
 10359 | Lair:1   | Identified the +0 flail of the Furious {flame, rElec SInv}
 10362 | Lair:1   | Noticed Grum
 10365 | Lair:1   | Killed Maggie
 10368 | Lair:1   | Killed Grum
 10752 | Lair:1   | Noticed a cane toad
 10759 | Lair:1   | Killed a cane toad
 10840 | Lair:1   | Reached XP level 11. HP: 55/77 MP: 16/22
 12323 | Lair:1   | Reached skill level 5 in Dodging
 12669 | Lair:2   | Noticed a six-headed hydra
 12675 | Lair:2   | Killed a six-headed hydra
 13185 | Lair:2   | Found a staircase to the Shoals.
 13829 | Lair:2   | Slain by a blink frog

Illustrated notes

Levels and vault maps discovered:
D:1:      tarquinn_simple_flora_water_d, layout_basic, serial_shops,
          nicolae_shop_competitors_out_of_business, basic_ecumenical_altar,
          nicolae_shop_unique_rings
D:2:      layout_basic, hangedman_decor_slide_cut
D:3:      cheibrodos_pilgrimage, layout_basic
D:4:      cheibrodos_old_hovel, layout_basic, led_sif_book,
          cheibrodos_sewer_entry_drain
D:5:      layout_loops_ring, gammafunk_ghost_abyssal_escape, uniq_duvessa
D:6:      layout_loops_corners
D:7:      layout_loops_ring, minmay_temple_entry_mini_moons,
          kennysheep_flooded_box, lightli_minifort
D:8:      layout_cave_pools, dpeg_oklobed_lair, uniq_pikel
Lair:1:   layout_regular_city, infiniplex_staircase_pool, uniq_grum, uniq_maggie
Lair:2:   layout_cave_pods, minmay_shoals_entry_centaurs,
          amcnicky_mini_pool_medium, lemuel_fruit_tree

Skill      XL: |  1  2  3  4  5  6  7  8  9 10 11 |
---------------+----------------------------------+-----
Fighting       | 1 2 3 7 8 9 |  9.1
Conjurations   | 1 2 3 7 8 9 |  9.1
Stealth        | 3 4 5 6 7 |  7.5
Spellcasting   | 3 7 8 |  8.6
Earth Magic    | 4 8 9 |  9.7
Dodging        | 3 4 5 |  5.2
Transmutations | |  1.0

Action                   |  1- 3 |  4- 6 |  7- 9 | 10-12 || total
-------------------------+-------+-------+-------+-------++-------
Melee: Dagger            |    34 |       |       |       ||    34
       Constrict         |    16 |    11 |     5 |     5 ||    37
       Tentacles         |    11 |     7 |     7 |     4 ||    29
       Short sword       |    33 |    34 |     6 |       ||    73
       Punch             |     1 |       |       |       ||     1
       Flail             |       |       |    10 |     9 ||    19
 Fire: Hunting sling     |       |    88 |    63 |       ||   151
Throw: Dart              |     6 |     2 |     4 |       ||    12
       Javelin           |       |       |     9 |       ||     9
       Stone             |       |       |     1 |       ||     1
 Cast: Sandblast         |     9 |    63 |    47 |    28 ||   147
       Stone Arrow       |       |     1 |    45 |   121 ||   167
  Use: Potion            |       |     1 |     2 |     2 ||     5
       Scroll            |       |     5 |     8 |     2 ||    15
 Stab: Sleeping          |    10 |     4 |       |       ||    14
       Distracted        |       |       |     1 |       ||     1
Armor: Skin              |     5 |     6 |     3 |    10 ||    24
Dodge: Dodged            |    45 |    44 |    41 |    54 ||   184
